 Dungeon Crawl Stone Soup version 0.20.1-1-g8b1a95d (webtiles) character file.

36059 kwaltz the Cleaver (level 13, 0/117 HPs)
             Began as a Hill Orc Fighter on Nov 13, 2017.
             Was a High Priest of Trog.
             Slain by Wulf's ghost (20 damage)
             ... on level 4 of the Lair of Beasts on Nov 14, 2017.
             The game lasted 01:24:58 (18015 turns).

kwaltz the Cleaver (Hill Orc Fighter)              Turns: 18015, Time: 01:24:58

Health: 0/117      AC: 22    Str: 28    XL:     13   Next: 87%
Magic:  13/13      EV:  8    Int: 16    God:    Trog [*****.]
Gold:   1344       SH:  8    Dex: 10    Spells: 12/12 levels left

rFire    + . .     SeeInvis .   a - +12 mace of the Assorted Shrikes {crush, rElec rC+ Str+4 Int+3}
rCold    + + .     Gourm    .   h - +2 buckler
rNeg     . . .     Faith    .   H - +2 plate armour
rPois    +         Spirit   .   Q - +0 helmet
rElec    +         Reflect  .   (no cloak)
rCorr    .         Harm     .   F - +0 pair of gloves
MR       .....                  D - +0 pair of boots
Stlth    ..........             (no amulet)
Regen    0.3/turn               m - ring "Tarchu Lawu" {rElec rPois rF+ rC+ Int+2}
MPRegen  0.2/turn               c - +3 ring of intelligence

@: berserk cooldown, slowed, drained, very slow
A: no striking features
a: Berserk, Trog's Hand, Brothers in Arms, Burn Spellbooks, Renounce Religion


You were on level 4 of the Lair of Beasts.
You worshipped Trog.
Trog was extremely pleased with you.
You were not hungry.

You visited 2 branches of the dungeon, and saw 14 of its levels.
You also visited: Bailey.

You collected 1344 gold pieces.

Inventory:

Hand Weapons
 a - the +12 mace of the Assorted Shrikes (weapon) {crush, rElec rC+ Str+4 Int+3}
   (You found it in a bailey)

   It inflicts extra damage upon your enemies.
   It affects your strength (+4).
   It affects your intelligence (+3).
   It protects you from cold.
   It insulates you from electricity.
 U - a +2 war axe of electrocution
 Z - a +0 fustibalus
Missiles
 j - 170 sling bullets
 r - 105 bolts
 t - 222 arrows
 u - 393 stones
 C - 6 exploding tomahawks
 L - 3 javelins of returning (quivered)
 X - 9 tomahawks
 Y - 2 javelins of penetration
Armour
 h - a +2 buckler (worn)
 D - a +0 pair of boots (worn)
 F - a +0 pair of gloves (worn)
 H - a +2 plate armour (worn)
 Q - a +0 helmet (worn)
Jewellery
 c - a +3 ring of intelligence (right hand)
 d - an uncursed ring of protection from fire {unknown}
 m - the ring "Tarchu Lawu" (left hand) {rElec rPois rF+ rC+ Int+2}
   (You acquired it on level 8 of the Dungeon)

   [ring of poison resistance]

   It affects your intelligence (+2).
   It protects you from fire.
   It protects you from cold.
   It insulates you from electricity.
   It protects you from poison.
Wands
 e - a wand of polymorph (14/24)
 o - a wand of flame (18/48)
 s - a wand of polymorph (9/24)
 w - a wand of acid (10/15)
 x - a wand of flame (23/48)
 A - a wand of acid (10/15)
 G - a wand of digging (16/24)
 I - a wand of lightning (8/15)
 M - a wand of random effects (21/48)
 N - a wand of flame (38/48)
 O - a wand of flame (15/48)
 P - a wand of confusion (33/48)
 R - a wand of flame (19/48)
Scrolls
 g - 3 scrolls of fog
 i - a scroll of enchant weapon
 k - 4 scrolls of remove curse
 l - a scroll of recharging
 n - 4 scrolls of magic mapping
 z - a scroll of blinking
 S - a scroll of teleportation
 T - a scroll of identify
 V - a scroll of fear
Potions
 q - 3 potions of brilliance
 v - 2 potions of curing
 E - a potion of flight
 K - a potion of resistance
Miscellaneous
 y - a lightning rod (4/4)
 J - a box of beasts
Comestibles
 b - 21 chunks of flesh
 f - 11 bread rations
 B - 10 meat rations
 W - 15 fruits


   Skills:
 + Level 11.8(11.5) Fighting
 + Level 13.3(15.1) Axes
 + Level 11.4(12.9) Maces & Flails
   Level 1.5(7.3) Polearms
 + Level 1.9(4.0) Slings
 + Level 6.0(5.9) Throwing
 + Level 12.1(11.9) Armour
 + Level 2.2(2.0) Dodging
 + Level 1.5(1.3) Stealth
 + Level 9.4(9.2) Shields
 + Level 0.4(0.1) Evocations


You had 12 spell levels left.
You didn't know any spells.

Dungeon Overview and Level Annotations

Branches:
Dungeon (10/15)            Temple (0/1) D:6            Lair (4/6) D:9
 Shoals (0/4) Lair:2       Spider (0/4) Lair:4          Orc (0/2) D:10

Altars:
Cheibriados
Elyvilon
Fedhas
Gozag
Qazlal
Sif Muna
Trog
Vehumet
Xom

Annotations:
Lair:4 Wulf's ghost, journeyman HOFi


Message History

Wulf's ghost hits you!!
* * * LOW HITPOINT WARNING * * *
Evoke which item? (* to show all) (? for menu, Esc to quit)
Aiming: Throw Flame
Press: ? - help, Shift-Dir - straight line, f/p - Wulf's ghost
Aim: Wulf's ghost, wielding a weapon of electrocution (almost destroyed)
The puff of flame hits Wulf's ghost.
Wulf's ghost appears unharmed.
Wulf's ghost is almost destroyed.
This wand has 23 charges left.
Wulf's ghost hits you.
* * * LOW HITPOINT WARNING * * *
Wulf's ghost hits you!
* * * LOW HITPOINT WARNING * * *
Wulf's ghost hits you but does no damage.
You block Wulf's ghost's attack. Wulf's ghost hits you.
* * * LOW HITPOINT WARNING * * *
You block Wulf's ghost's attack.
Wulf's ghost hits you but does no damage.
Wulf's ghost hits you!!
You die...

## .###### #####
#..##.####.#.######
..................##
##.......#..P.....P#
PP.......#....#...##
.........##..##.@.##
.........##...#.W..#
.........##..##....#
PP.......##.......##
.#P......##..#....##
##...........##....#
. ...........#....##
.. ...............#
.. ..............##


You could see Wulf's ghost.

Vanquished Creatures
  The ghost of Aner the Brawler, a journeyman TrMo of Ru (Lair:1)
  A yaktaur captain (D:9)
  4 hydras (Lair:3)
  3 two-headed ogres
  A death yak (D:9)
  An unseen horror (D:10)
  An elephant (D:9)
  4 black mambas
  A torpor snail (Lair:3)
  12 spiny frogs
  11 rime drakes
  6 komodo dragons
  A troll (D:9)
  A merfolk (Lair:2)
  8 blink frogs
  4 hippogriffs
  A dream sheep (Lair:3)
  2 redbacks
  A spriggan (D:8)
  27 yaks
  2 basilisks
  12 steam dragons (Lair:2)
  A hungry ghost (D:8)
  6 porcupines
  9 water moccasins
  Duvessa (D:7)
  2 ice beasts
  3 sky beasts
  A black bear (D:10)
  A phantom (D:6)
  15 orc warriors
  5 crocodiles
  4 ogres
  12 centaurs
  21 wolves
  13 bullfrogs
  A wyvern skeleton (D:8)
  A scorpion (D:10)
  Dowan (D:7)
  A water moccasin skeleton (D:6)
  The ghost of tamerofbeasts the Skirmisher, a weakling CeFi (D:3)
  4 wights (D:9)
  3 crimson imps
  A bullfrog zombie (D:8)
  3 jellies
  7 hounds
  A centaur skeleton (D:8)
  A gnoll shaman (D:7)
  4 orc priests
  15 orc wizards
  An iguana (D:6)
  6 worker ants
  6 hell rats (Lair:4)
  A killer bee zombie (D:10)
  A hound zombie (D:9)
  5 adders
  9 gnolls
  3 shadow imps
  2 oozes
  An adder skeleton (D:9)
  An adder zombie (D:5)
  4 worms
  2 dart slugs (D:1)
  7 leopard geckos
  72 orcs
  11 bats
  2 giant cockroaches
  15 goblins
  9 hobgoblins
  6 jackals
  A ball python (D:1)
  4 frilled lizards
  A jackal skeleton (D:8)
  11 kobolds
  A leopard gecko skeleton (D:7)
  7 rats
432 creatures vanquished.

Vanquished Creatures (others)
  A bush (Lair:4)
  3 fungi
  7 plants
11 creatures vanquished.

Grand Total: 443 creatures vanquished

Notes
Turn   | Place    | Note
-------+----------+-------------------------------------------
     0 | D:1      | kwaltz the Hill Orc Fighter began the quest for the Orb.
     0 | D:1      | Reached XP level 1. HP: 19/19 MP: 1/1
   148 | D:1      | Reached XP level 2. HP: 27/27 MP: 2/2
   150 | D:1      | Reached skill level 3 in Axes
   426 | D:1      | Reached XP level 3. HP: 33/33 MP: 3/3
  1082 | D:2      | Found a blossoming altar of Fedhas.
  1094 | D:2      | Reached skill level 4 in Axes
  1094 | D:2      | Reached XP level 4. HP: 35/40 MP: 4/4
  1727 | D:3      | Reached XP level 5. HP: 45/46 MP: 5/5
  1903 | D:3      | Noticed tamerofbeasts's ghost (weakling CeFi)
  1916 | D:3      | Killed tamerofbeasts's ghost
  1916 | D:3      | Reached skill level 5 in Axes
  2224 | D:3      | Reached XP level 6. HP: 52/52 MP: 6/6
  2351 | D:3      | Reached skill level 6 in Axes
  2921 | D:4      | Found a radiant altar of Vehumet.
  3160 | D:4      | Reached skill level 7 in Axes
  3160 | D:4      | Reached XP level 7. HP: 48/60 MP: 7/7
  3575 | D:5      | Entered Level 5 of the Dungeon
  4018 | D:5      | Reached skill level 5 in Armour
  4107 | D:5      | Reached skill level 5 in Fighting
  4107 | D:5      | Reached skill level 8 in Axes
  4107 | D:5      | Reached skill level 1 in Slings
  4872 | D:6      | Reached XP level 8. HP: 62/68 MP: 8/8
  4925 | D:6      | Reached skill level 5 in Shields
  5028 | D:6      | Found a shimmering altar of Xom.
  5050 | D:6      | Found a stormy altar of Qazlal.
  5052 | D:6      | Noticed a water elemental
  5052 | D:6      | Noticed an air elemental
  5144 | D:6      | Reached skill level 9 in Axes
  5262 | D:6      | Reached skill level 1 in Dodging
  5434 | D:6      | Found a bloodstained altar of Trog.
  5437 | D:6      | Became a worshipper of Trog the Wrathful
  5563 | D:6      | Found a staircase to the Ecumenical Temple.
  5719 | D:7      | Reached * piety under Trog
  5719 | D:7      | Reached skill level 10 in Axes
  6148 | D:7      | Noticed Dowan
  6150 | D:7      | Noticed Duvessa
  6152 | D:7      | Killed Dowan
  6163 | D:7      | Killed Duvessa
  6163 | D:7      | Reached XP level 9. HP: 39/75 MP: 9/9
  6582 | D:7      | Reached skill level 11 in Axes
  6937 | D:8      | Reached ** piety under Trog
  6971 | D:8      | Noticed a two-headed ogre
  6978 | D:8      | Killed a two-headed ogre
  6978 | D:8      | Reached skill level 12 in Axes
  6978 | D:8      | Reached skill level 1 in Polearms
  7077 | D:8      | Found a flagged portal.
  7092 | Bailey   | Entered a bailey
  7392 | Bailey   | Reached skill level 1 in Throwing
  7392 | Bailey   | Reached XP level 10. HP: 74/86 MP: 10/10
  8257 | Bailey   | Reached skill level 13 in Axes
  8378 | Bailey   | Got an encrusted mace
  8496 | D:8      | Identified the +12 mace of the Assorted Shrikes {crush, rElec rC+ Str+4 Int+3} (You found it in a bailey)
  8682 | D:8      | Identified a scroll of acquirement
  8685 | D:8      | Got a bound silver ring
  8686 | D:8      | Identified the ring "Tarchu Lawu" {rElec rPois rF+ rC+ Int+2} (You acquired it on level 8 of the Dungeon)
  9185 | D:9      | Found a staircase to the Lair.
  9185 | D:9      | Noticed an elephant
  9187 | D:9      | Noticed a death yak
  9228 | D:9      | Killed an elephant
  9228 | D:9      | Reached *** piety under Trog
  9228 | D:9      | Reached skill level 1 in Maces & Flails
  9232 | D:9      | Killed a death yak
  9497 | D:9      | Noticed a yaktaur captain
  9498 | D:9      | Found a deep blue altar of Sif Muna.
  9498 | D:9      | Noticed a two-headed ogre
  9516 | D:9      | Found a snail-covered altar of Cheibriados.
  9526 | D:9      | Found a transporter.
  9530 | D:9      | Found an opulent altar of Gozag.
  9558 | D:9      | Reached XP level 11. HP: 86/95 MP: 11/11
  9680 | D:9      | Found a transporter.
  9824 | D:9      | Noticed a two-headed ogre
  9832 | D:9      | Killed a two-headed ogre
 10210 | D:9      | Reached skill level 5 in Maces & Flails
 10216 | D:9      | Found a blossoming altar of Fedhas.
 10218 | D:9      | Found a white marble altar of Elyvilon.
 10396 | D:9      | Killed a two-headed ogre
 10401 | D:9      | Killed a yaktaur captain
 10598 | D:10     | Entered Level 10 of the Dungeon
 10708 | D:10     | Reached **** piety under Trog
 11111 | D:10     | Found a staircase to the Orcish Mines.
 11184 | D:10     | Killed an unseen horror
 11831 | Lair:1   | Entered Level 1 of the Lair of Beasts
 11862 | Lair:1   | Noticed Aner's ghost (journeyman TrMo)
 11868 | Lair:1   | Reached skill level 1 in Stealth
 12250 | Lair:1   | Killed Aner's ghost
 12467 | Lair:1   | Reached skill level 10 in Armour
 12472 | Lair:1   | Reached skill level 10 in Fighting
 12474 | Lair:1   | Reached XP level 12. HP: 80/106 MP: 12/12
 12736 | Lair:1   | Received a gift from Trog
 12926 | Lair:1   | Reached ***** piety under Trog
 13969 | Lair:2   | Received a gift from Trog
 14250 | Lair:2   | Reached XP level 13. HP: 77/116 MP: 13/13
 14428 | Lair:2   | Reached skill level 10 in Maces & Flails
 14696 | Lair:2   | Found a staircase to the Shoals.
 15159 | Lair:3   | Reached skill level 5 in Throwing
 15300 | Lair:3   | Found a deep blue altar of Sif Muna.
 16407 | Lair:4   | Received a gift from Trog
 16494 | Lair:4   | Noticed Wulf's ghost (journeyman HOFi)
 17695 | Lair:4   | Received a gift from Trog
 17856 | Lair:4   | Found a hole to the Spider Nest.
 18015 | Lair:4   | Slain by Wulf's ghost

Skill      XL: |  1  2  3  4  5  6  7  8  9 10 11 12 13 |
---------------+----------------------------------------+-----
Axes           | 3 4 5 7 8 10 12 13 | 13.3
Fighting       | 4 5 6 7 8 10 11 | 11.8
Armour         | 4 5 6 8 10 11 12 | 12.1
Shields        | 4 5 6 7 8 9 |  9.4
Slings         | 1 |  1.9
Dodging        | 1 2 |  2.2
Polearms       | 1 |  1.5
Throwing       | 1 2 3 4 6 |  6.0
Maces & Flails | 3 7 9 11 | 11.4
Stealth        | 1 |  1.5
Evocations     | |  0.4

Action                   |  1- 3 |  4- 6 |  7- 9 | 10-12 | 13-15 || total
-------------------------+-------+-------+-------+-------+-------++-------
Melee: War axe           |   139 |   194 |   231 |    70 |       ||   634
       Whip              |       |       |     2 |       |       ||     2
       Broad axe         |       |       |    82 |       |       ||    82
       Spear             |       |       |     7 |       |       ||     7
       Mace              |       |       |       |   456 |   274 ||   730
 Fire: Hunting sling     |       |     6 |     9 |       |       ||    15
Throw: Tomahawk          |       |       |    10 |     6 |       ||    16
       Stone             |       |       |     1 |       |       ||     1
       Javelin           |       |       |       |    50 |    86 ||   136
Invok: Burn Spellbooks   |       |       |     2 |       |     1 ||     3
       Berserk           |       |       |       |     1 |     1 ||     2
Evoke: Wand              |       |       |     2 |       |     2 ||     4
  Use: Scroll            |       |       |    21 |    11 |     5 ||    37
       Potion            |       |       |       |     6 |     5 ||    11
  Eat: Chunk             |     1 |     6 |    10 |    12 |     5 ||    34
       Royal jelly       |       |     1 |       |     1 |       ||     2
       Fruit             |       |       |     3 |     6 |       ||     9
       Meat ration       |       |       |       |     1 |     2 ||     3
Armor: Chain mail        |    85 |    74 |       |       |       ||   159
       Scale mail        |     2 |       |       |       |       ||     2
       Plate armour      |       |     5 |   237 |   300 |   127 ||   669
Dodge: Dodged            |    49 |    33 |    95 |   158 |    81 ||   416
Block: Shield            |    62 |    85 |       |       |       ||   147
       Buckler           |       |     4 |   126 |   191 |    88 ||   409
